 Dungeon Crawl Stone Soup version 0.22-a0-824-g1ca9aab89c (console) character file.

4590 Lexodia the Spear-Bearer (level 10, -5/123 HPs)
             Began as a Merfolk Chaos Knight on July 24, 2018.
             Killed from afar by a yak (34 damage)
             ... with an exploding inner flame
             ... hexed by the player character
             ... on level 9 of the Dungeon.
             The game lasted 00:22:07 (8284 turns).

Lexodia the Spear-Bearer (Merfolk Chaos Knight)     Turns: 8284, Time: 00:22:08

Health: -5/123     AC: 25    Str: 16    XL:     10   Next: 41%
Magic:  10/10      EV:  2    Int: 11    God:    Xom [.....*]
Gold:   292        SH:  7    Dex: 14    Spells: 9/9 levels left

rFire    . . .     SeeInvis .   a - +0 spear (chaos)
rCold    . . .     Gourm    .   y - +1 buckler {reflect}
rNeg     + + +     Faith    .   (armour currently unavailable)
rPois    +         Spirit   .   (helmet currently unavailable)
rElec    .         Reflect  +   (cloak currently unavailable)
rCorr    +         Harm     .   (gloves currently unavailable)
MR       .....     NoTele   +   (boots currently unavailable)
Stlth    +.........             d - +2 amulet of reflection
HPRegen  0.30/turn              g - +3 ring of evasion
MPRegen  0.12/turn              A - ring of resist corrosion

@: tree-form
A: (change form in water), (swift swim), (stealthy swim), wild magic 1
a: Renounce Religion


You were on level 9 of the Dungeon.
You worshipped Xom.
You were Xom's teddy bear.
You were not hungry.
You were a tree.
You visited 1 branch of the dungeon, and saw 9 of its levels.

You collected 418 gold pieces.
You spent 126 gold pieces at shops.

Inventory:

Hand Weapons
 a - a +0 spear of chaos (weapon)
Armour
 b - a +3 leather armour
 k - a +0 cloak (melded)
 o - a +1 robe of positive energy
 q - a +1 robe of positive energy
 y - a +1 buckler of reflection (worn)
 z - a +3 chain mail of cold resistance (melded)
Magical Staves
 v - an uncursed staff of conjuration
Jewellery
 d - a +2 amulet of reflection (around neck)
 g - a +3 ring of evasion (left branch)
 j - an uncursed amulet of harm
 m - an uncursed amulet of the gourmand
 A - a ring of resist corrosion (right branch)
Wands
 i - a wand of random effects (18)
 p - a wand of iceblast (13)
 u - a wand of paralysis (12)
Scrolls
 f - a scroll of amnesia
 l - 7 scrolls of teleportation
 n - 3 scrolls of fear
 r - 3 scrolls of remove curse
 x - 3 scrolls of identify
Potions
 e - 2 potions of agility
 s - a potion of curing
 C - a potion of brilliance
Comestibles
 c - 19 rations
 B - 3 chunks of flesh


   Skills:
 + Level 8.6 Fighting
 + Level 14.3 Polearms
 + Level 1.8 Armour
 + Level 9.9 Dodging
 * Level 2.6 Shields


You had 9 spell levels left.
You didn't know any spells.
Your spell library contained the following spells:

 Spells                   Type           Power        Failure   Level  Hunger
 Confuse                  Hex            #.......     83%         3    ####...
 Mephitic Cloud           Conj/Pois/Air  #.......     83%         3    ####...
 Venom Bolt               Conj/Pois      #.........   100%        5    ######.
 Olgreb's Toxic Radiance  Pois           #.......     99%         4    #####..
 Sting                    Conj/Pois      #...         47%         1    ##.....
 Spider Form              Tmut/Pois      #.........   83%         3    ####...
 Blade Hands              Tmut           #.........   100%        5    ######.
 Ice Form                 Ice/Tmut       #.......     99%         4    #####..
 Confusing Touch          Hex            #.....       47%         1    ##.....
 Sticks to Snakes         Tmut           #.......     63%         2    ###....
 Metabolic Englaciation   Hex/Ice        #.........   100%        5    ######.
 Petrify                  Tmut/Erth      #.......     99%         4    #####..
 Beastly Appendage        Tmut           #.....       47%         1    ##.....
 Gell's Gravitas          Tloc           #.........   83%         3    ####...
 Yara's Violent Unravell  Hex/Tmut       #.........   100%        5    ######.
 Poisonous Vapours        Pois/Air       #.....       63%         2    ###....


Dungeon Overview and Level Annotations

Branches:
Dungeon (9/15)             Temple (0/1) D:5
   Lair: D:8-11         Orc: D:9-12

Altars:
Elyvilon
Gozag
Hepliaklqana
Makhleb
Okawaru
Ru
Vehumet
Xom
Yredelemnul
Zin

Shops:
D:4 ?   D:5 (

Annotations:
D:9 Pikel


Innate Abilities, Weirdness & Mutations

((You revert to your normal form in water.))
((You are very nimble and swift while swimming.))
((You are very stealthy in the water. (Stealth+)))
((You are partially covered in iridescent scales. (AC +2)))
((You are partially covered in slimy green scales. (AC +2)))
((You can translocate small distances at will.))
Your spells are a little harder to cast, but a little more powerful.


Message History

Evoke which item? (* to show all) (? for menu, Esc to quit)
Aiming: Iceblast
Press: ? - help, Shift-Dir - straight line, f/p - yak
Aim: a yak (severely wounded, inner flame) That beam is likely to hit you.
Continue anyway?
The mass of ice explodes!
The iceblast engulfs the yak.
The yak is almost dead.
The iceblast engulfs you!
The iceblast engulfs the yak.
The yak explodes!
The fiery explosion engulfs the yak.
The yak explodes!
The fiery explosion engulfs you!
* * * LOW HITPOINT WARNING * * *
The fiery explosion engulfs Pikel.
Pikel is severely wounded.
The fiery explosion engulfs the yak.
The yak explodes!
The fiery explosion engulfs you!
You die...
Xom chuckles heartily!

.............
.............
####..####..# #..# #..#
#..# #..# . ####..# #..#
...
......####..########....
[.....?.....)..§§§tHp...
†..........))..§♣§Zpp...
............########KK..
†...........# )
_...........#
............#####
..................
####..............
#........######
#........#


You could see a hippogriff (inner flame), Pikel the crocodile (inner flame), 3
slaves, 2 kobolds and a hound skeleton (inner flame).

Vanquished Creatures
  Erica (D:8)
  Maurice (D:8)
  The ghost of gasznak the Stinger, an amateur FoVM (D:5)
  A spriggan (D:8)
  A wyvern (D:8)
  4 yaks (D:9)
  A water moccasin (D:9)
  2 phantoms (D:6)
  An ice beast (D:8)
  An ogre (D:8)
  A sky beast (D:6)
  2 centaurs
  An eye of draining (D:9)
  A centaur (shapeshifter) (D:2)
  A big kobold (D:7)
  2 bullfrogs
  A water moccasin skeleton (D:7)
  2 scorpions
  A centaur zombie (D:5)
  4 crimson imps
  3 hounds
  A quasit (D:6)
  2 orc priests (D:5)
  5 orc wizards
  2 jellies (D:6)
  A bullfrog skeleton (D:8)
  5 iguanas
  7 worker ants
  A hound skeleton (D:9)
  2 worker ant zombies (D:6)
  A gnoll (D:5)
  11 adders
  3 river rats (D:6)
  A shadow imp (D:5)
  3 oozes
  A worm (D:5)
  5 dart slugs
  5 leopard geckos
  13 orcs
  6 bats
  5 giant cockroaches
  7 goblins
  2 hobgoblins (D:3)
  15 jackals
  16 kobolds
  2 quokkas
  6 frilled lizards
  A jackal skeleton (D:8)
  A jackal zombie (D:5)
  A leopard gecko skeleton (D:5)
  A leopard gecko zombie (D:5)
  A quokka skeleton (D:6)
  A quokka zombie (D:6)
  2 rats
169 creatures vanquished.

Vanquished Creatures (collateral kills)
  A yak (D:9)
  A big kobold (D:9)
  An adder (D:5)
  A kobold (D:9)
4 creatures vanquished.

Vanquished Creatures (others)
  A plant (D:6)
1 creature vanquished.

Grand Total: 174 creatures vanquished

Notes
Turn   | Place    | Note
-------+----------+-------------------------------------------
     0 | D:1      | Lexodia the Merfolk Chaos Knight began the quest for the Orb.
     0 | D:1      | Reached XP level 1. HP: 18/18 MP: 1/1
   206 | D:1      | Reached XP level 2. HP: 24/24 MP: 2/2
   420 | D:1      | XOM: harmless Chrm miscast
   496 | D:1      | Reached skill level 1 in Armour
   555 | D:1      | Reached skill level 5 in Polearms
   826 | D:1      | Reached XP level 3. HP: 29/29 MP: 3/3
   892 | D:2      | XOM: potion effect (brilliance)
   904 | D:2      | Huge Dmg: 7 dmg
  1229 | D:2      | Reached XP level 4. HP: 37/37 MP: 4/4
  1294 | D:2      | Noticed a steam dragon
  1294 | D:2      | a hound changed into a steam dragon
  1295 | D:2      | XOM: butterfly on damage
  1297 | D:2      | Huge Dmg: 16 dmg
  1297 | D:2      | Noticed a centaur
  1297 | D:2      | a steam dragon changed into a centaur
  1301 | D:2      | Huge Dmg: 8 dmg
  1302 | D:2      | Gained mutation: Your spells are a little harder to cast, but a little more powerful. [potion of mutation]
  1302 | D:2      | Gained mutation: You are partially covered in iridescent scales. (AC +2) [potion of mutation]
  1302 | D:2      | Gained mutation: You can translocate small distances at will. [potion of mutation]
  1305 | D:2      | XOM: enchant monster (bad)
  1306 | D:2      | HP: 1/37 [centaur (glowing shapeshifter)/club (7)]
  1307 | D:2      | Huge Dmg: 6 dmg
  1309 | D:2      | Killed a centaur
  1309 | D:2      | Reached skill level 6 in Polearms
  1309 | D:2      | Reached XP level 5. HP: 1/42 MP: 5/5
  1649 | D:2      | Found an iron altar of Okawaru.
  1660 | D:2      | XOM: silly message
  1754 | D:2      | Found a white marble altar of Elyvilon.
  1795 | D:2      | XOM: scenery: 1 doors open
  1821 | D:2      | Found a faded altar of an unknown god.
  2389 | D:3      | Found an opulent altar of Gozag.
  2390 | D:3      | Found a basalt altar of Yredelemnul.
  3151 | D:4      | Reached skill level 7 in Polearms
  3164 | D:4      | XOM: scenery: create altars
  3225 | D:4      | XOM: god gift: 43 gold pieces
  3231 | D:4      | Reached XP level 6. HP: 44/49 MP: 6/6
  3361 | D:4      | Found a sacrificial altar of Ru.
  3513 | D:5      | Entered Level 5 of the Dungeon
  3592 | D:4      | XOM: harmless Conj miscast
  3794 | D:4      | Found Sudghos's Magic Scroll Boutique.
  3813 | D:4      | Bought 3 scrolls of fear for 126 gold pieces
  3940 | D:4      | You fall through a shaft!
  3950 | D:5      | XOM: confuse monster(s)
  3954 | D:5      | Reached skill level 5 in Dodging
  3979 | D:5      | Found Qygrone's Weapon Boutique.
  3992 | D:5      | Reached skill level 8 in Polearms
  4006 | D:5      | XOM: enchant monster (bad)
  4017 | D:5      | Reached skill level 5 in Fighting
  4017 | D:5      | Reached XP level 7. HP: 37/56 MP: 7/7
  4020 | D:5      | XOM: cast spell 'Summon Mana Viper'
  4061 | D:5      | Found a staircase to the Ecumenical Temple.
  4295 | D:5      | Found a runed gate.
  4295 | D:5      | Found a runed gate.
  4295 | D:5      | Found a runed gate.
  4301 | D:5      | Noticed gasznak's ghost (amateur FoVM)
  4390 | D:5      | XOM: 4-stop teleportation journey
  4410 | D:5      | Reached skill level 9 in Polearms
  4449 | D:5      | Noticed a balrug
  4450 | D:5      | Found a burning altar of Makhleb.
  4458 | D:5      | Found a glowing silver altar of Zin.
  4458 | D:5      | Noticed an angel
  4521 | D:5      | XOM: give mutation
  4521 | D:5      | Gained mutation: You are partially covered in slimy green scales. (AC +2) [Xom's grace]
  4546 | D:5      | Found a hazy altar of Hepliaklqana.
  4549 | D:5      | Found a shimmering altar of Xom.
  4550 | D:5      | Noticed a spectral ugly thing
  4657 | D:5      | Killed gasznak's ghost
  4657 | D:5      | Reached skill level 10 in Polearms
  4657 | D:5      | Reached XP level 8. HP: 64/64 MP: 8/8
  4663 | D:5      | Huge Dmg: 26 dmg
  4826 | D:6      | Found a radiant altar of Vehumet.
  4850 | D:6      | XOM: summons 3 friendly demons
  5128 | D:6      | Reached skill level 11 in Polearms
  5233 | D:6      | XOM: god gift: papyrus book {god gift}
  5518 | D:6      | XOM: divination: detect creatures
  5562 | D:6      | XOM: god gift: long runed staff {god gift}
  5568 | D:6      | XOM: harmless Erth miscast
  6212 | D:7      | XOM: silly message
  6572 | D:7      | Reached XP level 9. HP: 54/71 MP: 9/9
  6626 | D:7      | XOM: confuse monster(s)
  6774 | D:8      | Noticed Maurice
  6782 | D:8      | XOM: mild Air miscast
  6803 | D:8      | Reached skill level 12 in Polearms
  6814 | D:8      | Killed Maurice
  6850 | D:8      | Noticed Erica
  6853 | D:8      | XOM: enchant monster (good)
  6864 | D:8      | XOM: enchant monster (good)
  6876 | D:8      | Killed Erica
  6876 | D:8      | Reached skill level 13 in Polearms
  6937 | D:7      | XOM: cloud trail
  7282 | D:7      | XOM: medium Conj miscast
  7283 | D:7      | Huge Dmg: 21 dmg
  7450 | D:8      | XOM: mild Chrm miscast
  7512 | D:8      | XOM: potion effect (agility)
  7517 | D:8      | XOM: harmless Tmut miscast
  7653 | D:8      | XOM: cleaving
  7661 | D:8      | Reached XP level 10. HP: 68/80 MP: 10/10
  7728 | D:8      | Huge Dmg: 14 dmg
  7728 | D:8      | Reached skill level 14 in Polearms
  8020 | D:9      | XOM: summons friendly white imp
  8033 | D:9      | XOM: scenery: create altars
  8085 | D:9      | Reached skill level 1 in Shields
  8088 | D:9      | XOM: scenery: create altars
  8136 | D:9      | XOM: scenery: create altars
  8156 | D:9      | XOM: polymorph white imp -> crimson imp
  8194 | D:9      | XOM: 2-stop teleportation journey
  8265 | D:9      | Noticed Pikel
  8266 | D:9      | Noticed Pikel
  8266 | D:9      | Pikel changed into Pikel the crocodile
  8266 | D:9      | XOM: polymorph Pikel -> Pikel the crocodile
  8277 | D:9      | XOM: cast spell 'Alistair's Intoxication'
  8284 | D:9      | Killed from afar by a yak

Vault maps used:
D:1:      lightli_arrival_statuegarden
D:2:      elyvilon_altar_1, lemuel_coloured_pillars_altar, serial_forest,
          infiniplex_forest_lined_corner, infiniplex_forest_straight_5,
          infiniplex_forest_end_2, infiniplex_forest_lined_2,
          infiniplex_forest_end_1, infiniplex_forest_lined_1,
          chequers_ecumenical_altar_lobes, kennysheep_generic_room_10
D:3:      gammafunk_temple_overflow_pools, serial_co_window_serial,
          co_window_of_opportunity_a, co_window_corner_a,
          co_window_of_opportunity_a, co_window_of_opportunity_a,
          co_window_corner_a, co_window_corner_a, co_window_of_opportunity_a,
          co_window_unsneaky_path_a, co_window_of_opportunity_b,
          co_window_of_opportunity_b, co_window_corner_ca, co_window_corner_b,
          co_window_paths_d, glass_columns_b, glass_columns_b, glass_columns_c,
          glass_columns_c, first_ration, amethyst_killhole,
          kennysheep_generic_room_3
D:4:      kennysheep_little_box, serial_shops, shop_statue, st_stairs_4
D:5:      regret_index_temple_of_mockery,
          grunt_temple_overflow_order_and_chaos_2, minmay_temple_entry_grid,
          gammafunk_ghost_split, serial_shops, shop_fountains
D:6:      wad_woods_stonehenge, serial_undead, serial_undead_a, serial_undead_c,
          serial_undead_d, serial_undead_b
D:8:      the_bakery, st_stairs_5, uniq_maurice, uniq_erica
D:9:      basic_altar, uniq_pikel

Skill      XL: |  1  2  3  4  5  6  7  8  9 10 |
---------------+-------------------------------+-----
Dodging        | 3 4 5 6 7 9 |  9.9
Armour         | 1 |  1.8
Polearms       | 5 6 7 8 10 11 13 14 | 14.3
Fighting       | 4 5 6 8 |  8.6
Shields        | 2 |  2.6

Action                   |  1- 3 |  4- 6 |  7- 9 | 10-12 || total
-------------------------+-------+-------+-------+-------++-------
Melee: Spear             |    97 |   181 |   488 |   165 ||   931
Evoke: Wand              |       |       |       |     4 ||     4
  Use: Scroll            |     4 |     6 |     1 |     1 ||    12
       Potion            |       |     3 |     6 |     2 ||    11
 Stab: Paralysed         |     5 |       |    13 |       ||    18
       Sleeping          |     1 |       |     2 |       ||     3
       Confused          |       |     2 |     4 |     2 ||     8
       Petrified         |       |       |     4 |     4 ||     8
       Distracted        |       |       |     1 |     2 ||     3
       Petrifying        |       |       |     3 |     5 ||     8
  Eat: Chunk             |     1 |    16 |     3 |     3 ||    23
       Ration            |       |       |     1 |       ||     1
Armor: Leather armour    |    17 |    61 |    39 |     1 ||   118
       Skin              |       |       |       |    20 ||    20
       Chain mail        |       |       |       |    16 ||    16
Dodge: Dodged            |    64 |    74 |   153 |    36 ||   327
Block: Other             |       |     1 |    10 |     1 ||    12
       Reflection        |       |       |     1 |     3 ||     4
       Buckler           |       |       |       |    25 ||    25

Table legend:
 A = Spawn XP
 B = Non-spawn XP
 C = Spawn XP percentage of total XP
 D = Spawn monster count
 E = Non-spawn monster count
 F = Spawn count percentage of total count
 G = Total turns spent on level
                    A         B        C        D         E        F      G
               +---------+---------+-------+---------+---------+-------+---------
         Total |       0 |    6558 |   0.0 |       0 |     173 |   0.0 |  8284
               +---------+---------+-------+---------+---------+-------+---------
           D:1 |       0 |      34 |   0.0 |       0 |      14 |   0.0 |   878
           D:2 |       0 |     180 |   0.0 |       0 |      17 |   0.0 |  1080
           D:3 |       0 |      58 |   0.0 |       0 |      19 |   0.0 |  1220
           D:4 |       0 |     206 |   0.0 |       0 |      10 |   0.0 |   889
           D:5 |       0 |     894 |   0.0 |       0 |      34 |   0.0 |   789
           D:6 |       0 |     879 |   0.0 |       0 |      26 |   0.0 |  1401
           D:7 |       0 |     270 |   0.0 |       0 |       9 |   0.0 |  1040
           D:8 |       0 |    2474 |   0.0 |       0 |      18 |   0.0 |   677
           D:9 |       0 |    1563 |   0.0 |       0 |      26 |   0.0 |   310
               +---------+---------+-------+---------+---------+-------+---------
